 Dungeon Crawl Stone Soup version 0.30-a0-1124-g6e8f0f562f (webtiles) character file.

Game seed: 14381991852498252170

56 dialectric the Trooper (level 3, -1/30 HPs)
             Began as a Demonspawn Fighter on Apr 23, 2023.
             Slain by a gnoll
             ... wielding a +0 flail
              (11 damage)
             ... on level 1 of the Dungeon.
             The game lasted 00:00:58 (922 turns).

dialectric the Trooper (Demonspawn Fighter)          Turns: 922, Time: 00:00:59

Health: -1/30      AC:  6    Str: 18    XL:     3   Next: 71%
Magic:  3/3        EV: 10    Int:  9    God:
Gold:   25         SH:  0    Dex: 12    Spells: 2/2 levels left

rFire   . . .        a - +0 long sword
rCold   . . .        (no shield)
rNeg    . . .        b - +0 scale mail
rPois   .            (no helmet)
rElec   .            (no cloak)
rCorr   .            (no gloves)
SInv    .            (no boots)
Will    .....        (no amulet) Stlth
                     (no ring)
HPRegen 0.25/turn    (no ring)
MPRegen 0.08/turn

%: no passive effects
@: no status effects
A: hooves 1, sturdy frame 1
a: no special abilities


You were on level 1 of the Dungeon.
You visited 1 branch of the dungeon, and saw 2 of its levels.

You collected 25 gold pieces.

Inventory:

Hand Weapons
 a - a +0 long sword (weapon)
Armour
 b - a +0 scale mail (worn)
 c - a +0 buckler
Jewellery
 f - a ring of resist corrosion
Scrolls
 e - a scroll of amnesia {unknown}
 g - a scroll of fear {unknown}
 h - a scroll of poison {unknown}
Potions
 d - a potion of might


   Skills:
 + Level 4.0 Fighting
 + Level 2.2 Long Blades
 + Level 2.9 Armour
 * Level 1.0 Dodging
 - Level 2.6 Shields


You had 2 spell levels left.
You didn't know any spells.
Your spell library contained the following spells:

 Spells                   Type           Power      Damage    Failure   Level
 Magic Dart               Conj           0%         1d3       63%         1
 Call Imp                 Summ           0%         N/A       77%         2
 Mephitic Cloud           Conj/Pois/Air  0%         N/A       94%         3


Dungeon Overview and Level Annotations

Branches:
Dungeon (2/15)

Altars:


Innate Abilities, Weirdness & Mutations

You have large cloven feet.
Your movements are slightly less encumbered by armour. (ER -2)


Message History

The adder is severely wounded.
The adder bites you but does no damage. The adder bites you.
You are poisoned.
The adder poisons you!
You barely miss the adder. Your kick misses the adder.
The adder is severely wounded.
You feel sick. The adder closely misses you. The adder misses you.
You barely miss the adder. You kick the adder.
You kill the adder!
You feel sick.
Your Fighting skill increases to level 4!
No target in view!
No target in view!
No target in view!
No target in view!
No target in view!
You feel sick.
You feel sick.
You are no longer poisoned.
There is a stone staircase leading down here.
You climb downwards.
There is a stone staircase leading up here.
Unknown command.
The gnoll hits you with a +0 flail.
You climb upwards.
There is a stone staircase leading down here.
Unknown command.
You slash the gnoll!
The gnoll is severely wounded.
The gnoll hits you with a +0 flail. The gnoll closely misses you.
You barely miss the gnoll. You kick the gnoll.
The gnoll is almost dead.
The gnoll barely misses you.
You barely miss the gnoll.
The gnoll is almost dead.
The gnoll hits you with a +0 flail.
You barely miss the gnoll.
The gnoll is almost dead.
The gnoll hits you with a +0 flail! x2
You die...

..........######..# #......#.#
..........# #..# ########.#
..........######..##### #...#.###
......................###.#.#....
.................####.#...#.#.##.
.......>.........+.##.#..#.......
#########'##..)..#.##.#..#.......
..........##.....#.##.##...######
#.....######....@#.#......#.....#
#.....# #....g#.######.#.###.#
...#########.....#.#......#.# #.#
....##.........###.#.######.# #..
...............# #.#.###....# #.#
...#.###.###.#.# #.#.......## ###
...#.#.....#.#.###.......#.#
...###.#.#.###......######.#
................###.# #.#


You could see a gnoll.

Vanquished Creatures
  Jessica (D:2)
  An adder (D:1)
  A dart slug (D:1)
  3 goblins (D:1)
  3 hobgoblins (D:1)
  2 jackals (D:1)
  2 kobolds
  2 ball pythons (D:1)
  4 rats (D:1)
19 creatures vanquished.

Notes
Turn   | Place    | Note
-------+----------+-------------------------------------------
     0 | D:1      | dialectric the Demonspawn Fighter began the quest for the
                  | Orb.
     0 | D:1      | Reached XP level 1. HP: 18/18 MP: 1/1
   257 | D:1      | Gained mutation: Your movements are slightly less
                  | encumbered by armour. (ER -2) [demonic ancestry]
   257 | D:1      | Reached XP level 2. HP: 18/24 MP: 2/2
   460 | D:1      | Reached skill level 1 in Dodging
   821 | D:2      | Noticed Jessica
   825 | D:2      | Killed Jessica
   826 | D:2      | Gained mutation: You have large cloven feet. [demonic
                  | ancestry]
   826 | D:2      | Reached XP level 3. HP: 28/30 MP: 3/3
   904 | D:1      | Reached skill level 4 in Fighting
   922 | D:1      | Slain by a gnoll

Illustrated notes

Levels and vault maps discovered:
D:1:      noname_arrival_rooms_in_the_neighbourhood, layout_basic,
          minmay_misc_feat_roman, skrybe_limestone_x, minmay_misc_feat_columns
D:2:      layout_loops_ring, basic_altar, minmay_misc_feat_tower,
          kennysheep_generic_room_12, uniq_jessica

Skill      XL: |  1  2  3 |
---------------+----------+-----
Long Blades    | 2 |  2.2
Dodging        | 1 |  1.0
Fighting       | 4 |  4.0
Armour         | |  2.9
Shields        | |  2.6

Action                     || total
---------------------------++-------
  Melee: Long sword        ||    60
         Kick              ||     4
 Armour: Scale mail        ||    30
  Dodge: Dodged            ||    34

Table legend: (Time is in decaauts)
 A = Elapsed time spent in this place.
 B = Non-inter-level travel time spent in this place.
 C = Inter-level travel time spent in this place.
 D = Time resting spent in this place.
 E = Time spent auto-exploring this place.
 F = Levels seen in this place.
 G = Mean time per level.
                   A        B        C        D        E       F      G
               +--------+--------+--------+--------+--------+-----+--------+
         Total |    941 |    890 |     51 |     55 |    621 |   2 |  470.5 |
       Dungeon |    941 |    890 |     51 |     55 |    621 |   2 |  470.5 |
               +--------+--------+--------+--------+--------+-----+--------+

Top non-repeatable levels by time:
     D:1: 825 daAuts
     D:2: 115 daAuts
